 Dungeon Crawl Stone Soup version 0.31.0-4-g52a2dc7128 (console) character file.

Game seed: 4572454289941209451

235250 AlterAsc the Skinwalker (level 19, -1/171 HPs)
             Began as a Tengu Shapeshifter on Jan 23, 2024.
             Was a High Priest of Okawaru.
             Slain by a ghost moth (4 damage)
             ... on level 4 of the Spider Nest on Jan 24, 2024.
             The game lasted 03:22:50 (42206 turns).

AlterAsc the Skinwalker (Tengu Shapeshifter)       Turns: 42206, Time: 03:22:51

Health: -1/171     AC: 20    Str: 27 (30) XL:     19   Next: 62%
Magic:  0/25       EV: 18    Int: 14      God:    Okawaru [*****.]
Gold:   2643       SH:  0    Dex: 20 (21) Spells: 18/18 levels left

rFire   + +          .
                       - Unarmed
rCold   . . .        (shield currently unavailable)
rNeg    + . .        W - melded +6 acid dragon scales
rPois   +            Z - melded +2 hat
rElec   .            (cloak currently unavailable)
rCorr   .            (gloves currently unavailable)
SInv    .            (boots unavailable)
Will    +....        o - amulet of Doobi {RegenMP Fly rN+ Regen+ Stlth+}
Stlth   ++           p - ring "Xuelotel" {rPois rC+ Str+6 Dex+2}
HPRegen 1.28/turn    n - +4 ring of protection
MPRegen 0.59/turn

%: acrobat
@: about to teleport, dragon-form, silenced, flying
A: dragon claw, dragon scales, breathe fire, flying, boosted hp, giant, (beak),
(talons 3), evasive flight, acrobatic
}: 1/15 runes: decaying
a: Breathe Fire, Begin Untransformation, Renounce Religion


You were on level 4 of the Spider Nest.
You worshipped Okawaru.
Okawaru was extremely pleased with you.
You were a fearsome dragon!
You visited 8 branches of the dungeon, and saw 34 of its levels.
You also visited: Bailey, Gauntlet and Ice Cave.

You collected 3903 gold pieces.
You spent 1260 gold pieces at shops.

Inventory:

Missiles
 k - 40 javelins (quivered)
 E - 8 silver javelins
Armour
 e - a +2 buckler
 j - the +2 leather armour "Qezesch" {rElec rN++ Dex-5}
   (You found it on level 2 of the Dungeon)

   Dex-5:     It affects your dexterity (-5).
   rElec:     It insulates you from electricity.
   rN++:      It greatly protects you from negative energy.
 C - a +3 ring mail of poison resistance
 V - the +4 scale mail "Huew Cou" {rElec rPois rF+ Will+++ Str-4}
   (Okawaru gifted it to you on level 1 of the Depths)

   Str-4:     It affects your strength (-4).
   rF+:       It protects you from fire.
   rElec:     It insulates you from electricity.
   rPois:     It protects you from poison Will+++: It greatly increases your
   willpower.
 W - +6 acid dragon scales (melded)
 Z - a +2 hat (melded)
Jewellery
 n - a +4 ring of protection (right foreclaw)
 o - the amulet of Doobi (around neck) {RegenMP Fly rN+ Regen+ Stlth+}
   (You acquired it on level 13 of the Dungeon)

   [amulet of magic regeneration]

   RegenMP:   It increases your rate of magic regeneration.
   rN+:       It protects you from negative energy.
   Fly:       It grants you flight.
   Regen+:    It increases your rate of health regeneration.
   Stlth+:    It makes you more stealthy.
 p - the ring "Xuelotel" (left foreclaw) {rPois rC+ Str+6 Dex+2}
   (You found it in a Gauntlet)

   [ring of strength]

   Str+6:     It affects your strength (+6).
   Dex+2:     It affects your dexterity (+2).
   rC+:       It protects you from cold.
   rPois:     It protects you from poison
 D - a +5 ring of evasion
 Y - a ring of protection from cold
Talismans
 a - the blade talisman of Gozag's Castigation {rN+ Int+3}
   (You found it on level 2 of the Elven Halls)

   [blade talisman]

   Int+3:     It affects your intelligence (+3).
   rN+:       It protects you from negative energy.
 g - a dragon-blood talisman (active)
 R - a granite talisman
 X - the blade talisman "Deosh" {rF- rN++ Will+ Int+3}
   (You found it on level 11 of the Dungeon)

   [blade talisman]

   Int+3:     It affects your intelligence (+3).
   rF-:       It makes you vulnerable to fire.
   rN++:      It greatly protects you from negative energy.
   Will+:     It increases your willpower.
Wands
 b - a wand of paralysis (50)
 d - a wand of polymorph (4)
 t - a wand of roots (34)
 y - a wand of digging (4)
 F - a wand of mindburst (5)
 I - a wand of light (14)
 U - a wand of flame (54)
Scrolls
 m - 4 scrolls of amnesia
 r - 2 scrolls of fog
 s - 8 scrolls of teleportation
 v - 7 scrolls of poison
 B - 6 scrolls of immolation
 G - 3 scrolls of torment
 H - 6 scrolls of noise
 J - 4 scrolls of vulnerability
 K - 2 scrolls of butterflies
 L - 3 scrolls of fear
 Q - a scroll of blinking
 S - 5 scrolls of revelation
Potions
 c - 2 potions of berserk rage
 f - 3 potions of enlightenment {unknown}
 h - a potion of haste {unknown}
 i - 4 potions of attraction
 l - a potion of heal wounds
 u - 7 potions of brilliance
 w - 2 potions of cancellation {unknown}
 x - 3 potions of resistance {unknown}
 z - 4 potions of invisibility {unknown}
 A - 6 potions of ambrosia
 M - 2 potions of magic {unknown}
 N - 2 potions of might {unknown}
 O - 7 potions of curing
 P - 4 potions of mutation {unknown}
 T - 5 potions of lignification


   Skills:
 + Level 11.0 Fighting
 - Level 10.3 Dodging
 + Level 17.8 Unarmed Combat
 - Level 7.0 Invocations
 + Level 22.5 Shapeshifting


You had 18 spell levels left.
You didn't know any spells.
Your spell library contained the following spells:

 Spells                   Type           Power      Damage    Failure   Level
 Foxfire                  Conj/Fire      0%         2x1d4     28%         1
 Freeze                   Ice            0%         1d3       28%         1
 Magic Dart               Conj           0%         1d3       28%         1
 Slow                     Hex            0%         N/A       28%         1
 Sting                    Conj/Alch      0%         1d3       28%         1
 Blink                    Tloc           0%         N/A       41%         2
 Cigotuvi's Dreadful Rot  Necr/Alch/Air  0%         N/A       41%         2
 Ensorcelled Hibernation  Hex/Ice        0%         N/A       41%         2
 Mercury Vapours          Alch/Air       0%         N/A       41%         2
 Searing Ray              Conj           0%         2d4       41%         2
 Static Discharge         Conj/Air       0%         3-3/arc   41%         2
 Confusing Touch          Hex            0%         N/A       65%         3
 Frozen Ramparts          Ice            0%         1d1       65%         3
 Fugue of the Fallen      Necr           0%         N/A       65%         3
 Hailstorm                Conj/Ice       0%         3d5       65%         3
 Inner Flame              Hex/Fire       0%         N/A       65%         3
 Mephitic Cloud           Conj/Alch/Air  0%         N/A       65%         3
 Sigil of Binding         Hex            0%         N/A       65%         3
 Vampiric Draining        Necr           0%         2d6       65%         3
 Volatile Blastmotes      Fire/Tloc      0%         2d10      65%         3
 Airstrike                Air            0%         2d(0-16)  96%         4
 Anguish                  Hex/Necr       0%         N/A       96%         4
 Cause Fear               Hex            0%         N/A       96%         4
 Dimensional Bullseye     Hex/Tloc       0%         N/A       96%         4
 Dispel Undead            Necr           0%         3d6       96%         4
 Flame Wave               Conj/Fire      0%         2d4       96%         4
 Fulminant Prism          Conj/Alch      0%         3d5       96%         4
 Iskenderun's Mystic Bla  Conj/Tloc      0%         2d3       96%         4
 Manifold Assault         Tloc           0%         N/A       96%         4
 Olgreb's Toxic Radiance  Alch           0%         N/A       96%         4
 Sticky Flame             Fire/Alch      0%         2d4       96%         4
 Fireball                 Conj/Fire      0%         3d3       100%        5
 Freezing Cloud           Conj/Ice/Air   0%         6-21      100%        5
 Irradiate                Conj/Alch      0%         3d11      100%        5
 Lee's Rapid Deconstruct  Erth           0%         3d4*      100%        5
 Silence                  Hex/Air        0%         N/A       100%        5
 Bombard                  Conj/Erth      0%         9d1       100%        6
 Dispersal                Tloc           0%         N/A       100%        6
 Eringya's Noxious Bog    Alch           0%         4d6       100%        6
 Plasma Beam              Fire/Air       0%         2x1d10    100%        6
 Starburst                Conj/Fire      0%         6d3       100%        6
 Disjunction              Tloc           0%         N/A       100%        8
 Chain Lightning          Conj/Air       0%         N/A       100%        9
 Fire Storm               Conj/Fire      0%         5d1       100%        9
 Shatter                  Erth           0%         3d5*      100%        9
 Call Imp                 Summ           Unusable   N/A       N/A         2
 Call Canine Familiar     Summ           Unusable   N/A       N/A         3
 Tukima's Dance           Hex            Unusable   N/A       N/A         3
 Animate Armour           Summ/Erth      Unusable   N/A       N/A         4
 Martyr's Knell           Necr/Summ      Unusable   N/A       N/A         4
 Summon Lightning Spire   Summ/Air       Unusable   N/A       N/A         4
 Summon Forest            Summ/Tloc      Unusable   N/A       N/A         5
 Death Channel            Necr           Unusable   N/A       N/A         6
 Summon Hydra             Summ           Unusable   N/A       N/A         7
 Dragon's Call            Summ           Unusable   N/A       N/A         9

Dungeon Overview and Level Annotations

Branches:
Dungeon (15/15)            Temple (1/1) D:4            Lair (5/5) D:8
  Swamp (4/4) Lair:2       Spider (4/4) Lair:3        Slime (0/5) Lair:4
    Orc (2/2) D:11            Elf (2/3) Orc:2        Vaults (0/5) D:13
 Depths (1/4) D:15         Bailey (visited)           IceCv (visited)
Gauntlet (visited)

Altars:
Ashenzari
Cheibriados
Dithmenos
Elyvilon
Fedhas
Gozag
Hepliaklqana
Kikubaaqudgha
Makhleb
Nemelex Xobeh
Okawaru
Qazlal
Ru
Sif Muna
Trog
Uskayaw
Vehumet
Wu Jian
Xom
Yredelemnul
Zin
The Shining One

Shops:
D:4 :   D:5 :   D:11 ([   D:12 [   D:14 *   Orc:2 [=:(   Elf:2 :

Annotations:
D:13 2 transporters, 2 exclusions, Deukiw's ghost, journeyman SpEn
Swamp:4 2 transporters, Borsukrates's ghost, adept DgGl


Innate Abilities, Weirdness & Mutations

You are a fearsome dragon!
You have a powerful clawing attack.
Your giant scaled body is strong and resilient, but less evasive.
You can breathe fire.
You are flying.
Your maximum health is greatly increased.
Your armour is entirely melded.
You are incapable of wielding weapons or throwing items.
((You have a beak for a mouth.))
((You have claws for feet.))
Your magical flight helps you evade attacks. (EV +4)
You can magically evade attacks while moving or waiting.


Message History

The orb spider weaves a glowing orb of energy.
The jumping spider leaps!
An orb of destruction comes into view.
You bite something!! You claw something. Something hits you.
Something hits you but does no damage. Something completely misses you.
The jumping spider leaps!
The wavering orb of destruction hits you!
The jumping spider leaps!
You feel you are being watched by something.
You feel your power leaking away. Something completely misses you.
Something hits you but does no damage. Something completely misses you.
The orb spider pulsates with a strange energy.
You bite the orb spider!! You bite the orb spider!
You kill the orb spider!
Okawaru accepts your kill.
A freezing mist starts to gather...
An orb spider simulacrum comes into view.
You feel you are being watched by something.
Something hits you!
You feel weakened. Something hits you but does no damage.
Something stings you but does no damage.
The culicivora simulacrum bites you but does no damage.
As you read the scroll of teleportation, it crumbles to dust.
You feel strangely unstable.
You feel you are being watched by something.
You feel your power leaking away. Something hits you!
* * * LOW HITPOINT WARNING * * *
You feel clumsy. Something hits you but does no damage.
Something stings you but does no damage.
The orb spider simulacrum bites you.
* * * LOW HITPOINT WARNING * * *
The orb spider simulacrum freezes you!!
* * * LOW HITPOINT WARNING * * *
As you read the scroll of silence, it crumbles to dust.
A profound silence engulfs you. Something hits you!
* * * LOW HITPOINT WARNING * * *
Something barely misses you. Something stings you.
You die...

#^..~~~##~~~..
#...#~#####~~. #....~##
##~. #.....#.###...
#..#..#.......
#....^#.8.8...
#....##.......
#.....#.....##
############^(~~.#.8.8.#
~~........°.#~~~~#.....#
.......sD....~~~~#..^..#
#..)#ZZ~~....~~~#.8.8.#
......~~#~~...#..#.....##
....~~~~°~~~^...^#.....#.
##################.8[8.#.
###....... #...#....#
##.....#.. #^##..#.#
##....^.. ###...#.#


You could see a jumping spider (soul bound, unsilenced), an orb spider
simulacrum and a culicivora simulacrum.

Vanquished Creatures
  Nikola (Elf:2)
  A tentacled monstrosity (Swamp:1)
  Gastronok (D:11)
  A fenstrider witch (Swamp:1)
  3 thorn hunters (Swamp:4)
  Roxanne (Elf:2)
  A fire giant (Depths:1)
  2 frost giants
  An emperor scorpion (Spider:4)
  A ghost moth (Spider:2)
  An orc warlord (Orc:2)
  A stone giant (Depths:1)
  A reaper (IceCv)
  2 broodmothers
  2 eleionomae (Swamp:3)
  A minotaur (Gauntlet)
  2 deep elf demonologists (Elf:1)
  3 bunyips
  2 spark wasps
  An ettin (D:15)
  A deep elf high priest (Elf:2)
  3 entropy weavers (shapeshifter)
  Josephine (Lair:3)
  2 shambling mangroves
  3 entropy weavers
  An ogre mage (D:15)
  23 hydras
  A fire dragon (D:13)
  A catoblepas (D:15)
  2 radroaches
  3 two-headed ogres
  3 boulder beetles
  3 centaur warriors
  8 alligators
  3 ghost crabs
  3 jorogumos
  11 death yaks
  30 dancing weapons
  2 tengu warriors
  A deep troll earth mage (D:15)
  5 demonic crawlers
  Urug (D:11)
  3 orc high priests (Orc:2)
  18 deep elf knights
  A hell knight (Depths:1)
  Amaemon (Lair:3)
  2 skysharks
  2 pharaoh ants (Spider:4)
  A deep troll (D:13)
  6 goliath frogs
  A glowing orange brain (D:15)
  A death drake (Swamp:4)
  10 orb spiders
  7 spriggan druids
  2 arcanists
  5 bog bodies
  10 swamp dragons (Swamp:4)
  14 deep elf archers
  2 steelbarb worms
  6 orc knights
  10 wolf spiders
  37 deep elf pyromancers
  2 cyclopes
  5 will-o-the-wisps
  4 orc sorcerers (Orc:2)
  19 deep elf zephyrmancers
  16 ugly things
  4 moths of wrath
  6 meliai
  3 ice statues
  2 black mambas
  2 oklob plants (Lair:3)
  2 kobold blastminers (Orc:2)
  A rust devil (Gauntlet)
  10 elephants
  3 torpor snails
  A black mamba (shapeshifter) (Elf:2)
  An orange demon (Lair:3)
  Maggie (D:7)
  An unseen horror (D:11)
  A kobold demonologist (D:10)
  14 komodo dragons
  4 yaktaurs
  An anaconda simulacrum (IceCv)
  11 cane toads
  2 freezing wraiths
  2 rime drakes
  7 ice devils (IceCv)
  A tengu conjurer (D:13)
  4 trolls
  A wolf spider simulacrum (Gauntlet)
  5 polar bears
  A bloated husk (Swamp:1)
  7 tyrant leeches
  14 hornets
  Prince Ribbit (D:6)
  A spectral tarantella (Spider:4)
  26 tarantellas
  2 raiju (shapeshifter)
  18 blink frogs
  16 culicivoras
  A slime creature (D:15)
  2 shadows
  An air elemental (Elf:1)
  21 spriggans
  24 jumping spiders
  A dire elephant simulacrum (IceCv)
  34 yaks
  A ynoxinul (Gauntlet)
  2 humans (shapeshifter)
  4 wyverns
  A fire elemental (Elf:2)
  2 steam dragons
  9 wraiths
  5 basilisks
  50 redbacks
  6 vampire mosquitoes
  10 wargs (Orc:1)
  Grum (D:10)
  A death yak simulacrum (IceCv)
  2 acid dragons
  14 swamp worms
  13 water moccasins
  3 ice beasts
  13 swamp drakes
  An ice dragon simulacrum (Gauntlet)
  7 black bears
  29 orc warriors
  2 laughing skulls (D:15)
  4 ogres
  26 wolves
  4 boggarts (Lair:5)
  12 centaurs
  2 kobold brigands
  6 gnoll sergeants
  3 two-headed ogre simulacra (IceCv)
  12 bullfrogs
  5 scorpions
  2 earth elementals (Elf:2)
  A cane toad simulacrum (IceCv)
  A hornet simulacrum (Gauntlet)
  6 wights
  A burial acolyte (D:7)
  11 killer bees
  An electric eel (Spider:2)
  A howler monkey (D:6)
  A crimson imp (Orc:1)
  3 hounds (D:5)
  18 orc priests
  3 gnoll boudas
  2 jellies
  4 iron imps
  A sleepcap (D:6)
  4 iguanas
  36 orc wizards
  10 hell rats
  3 spriggan simulacra (IceCv)
  2 polar bear simulacra (IceCv)
  A wolf simulacrum (IceCv)
  13 gnolls
  6 river rats (Lair:2)
  5 adders
  3 naga simulacra (IceCv)
  3 shadow imps
  2 white imps
  2 ufetubi (IceCv)
  An adder zombie (D:7)
  3 dart slugs
  4 ribbon worms
  93 orcs
  5 endoplasms
  4 giant cockroaches
  8 goblins
  6 hobgoblins
  11 jackals
  16 kobolds
  5 quokkas
  8 ball pythons
  8 bats (D:1)
  4 frilled lizards
  A jackal zombie (D:7)
  9 rats
1167 creatures vanquished.

Vanquished Creatures (others)
  An eleionoma (Swamp:1)
  3 bloated husks
  A tarantella (Spider:4)
  A swamp worm (Swamp:4)
  An orc wizard (Orc:1)
  A white imp (Orc:1)
  5 orcs (Orc:1)
  22 foxfires
35 creatures vanquished.

Grand Total: 1202 creatures vanquished

Notes
Turn   | Place    | Note
-------+----------+-------------------------------------------
     0 | D:1      | AlterAsc the Tengu Shapeshifter began the quest for the
                  | Orb.
     0 | D:1      | Reached XP level 1. HP: 12/12 MP: 2/2
    53 | D:1      | Reached XP level 2. HP: 3/16 MP: 3/3
   325 | D:1      | Reached XP level 3. HP: 19/20 MP: 4/4
   768 | D:1      | Reached skill level 5 in Unarmed Combat
  1032 | D:2      | Reached XP level 4. HP: 22/25 MP: 5/5
  1136 | D:2      | Identified the +2 leather armour "Qezesch" {rElec rN++
                  | Dex-5}
  1604 | D:3      | Reached XP level 5. HP: 28/29 MP: 6/6
  2040 | D:4      | Noticed an ogre
  2045 | D:4      | HP: 1/29 [ogre/+0 giant club (14)]
  2047 | D:4      | Killed an ogre
  2048 | D:4      | Reached skill level 3 in Shapeshifting
  2206 | D:4      | Reached XP level 6. HP: 31/35 MP: 7/7
  2220 | D:4      | Noticed a black bear
  2542 | D:4      | Found a staircase to the Ecumenical Temple.
  2551 | D:4      | Found Ytuucel's Book Shop.
  2556 | Temple   | Found a transporter.
  2556 | Temple   | Found a transporter.
  2556 | Temple   | Found a transporter.
  2556 | Temple   | Found a transporter.
  2556 | Temple   | Entered the Ecumenical Temple
  2579 | Temple   | Became a worshipper of Warmaster Okawaru
  2598 | D:4      | Noticed a black bear
  2610 | D:4      | Killed a black bear
  2652 | D:4      | Reached skill level 4 in Shapeshifting
  2953 | D:4      | Killed a black bear
  2953 | D:4      | Reached * piety under Okawaru
  2954 | D:4      | Gained mutation: Your magical flight helps you evade
                  | attacks. (EV +4) [Tengu growth]
  2954 | D:4      | Reached XP level 7. HP: 34/40 MP: 8/8
  3206 | D:5      | Entered Level 5 of the Dungeon
  3465 | D:5      | Reached skill level 5 in Shapeshifting
  3554 | D:5      | Reached XP level 8. HP: 34/46 MP: 9/9
  3570 | D:5      | Reached ** piety under Okawaru
  3891 | D:5      | Reached skill level 5 in Dodging
  4022 | D:5      | Found Peixiowi's Book Boutique.
  4114 | D:5      | Reached skill level 6 in Shapeshifting
  4277 | D:6      | Noticed Prince Ribbit
  4283 | D:6      | Killed Prince Ribbit
  4284 | D:6      | Reached skill level 7 in Shapeshifting
  4362 | D:7      | Reached *** piety under Okawaru
  4541 | D:7      | Reached XP level 9. HP: 41/52 MP: 10/10
  4952 | D:6      | Reached skill level 1 in Invocations
  4975 | D:6      | Noticed a komodo dragon
  5681 | D:7      | Reached **** piety under Okawaru
  5721 | D:7      | Found an ancient bone altar of Kikubaaqudgha.
  5880 | D:7      | Reached skill level 10 in Unarmed Combat
  6087 | D:7      | Reached XP level 10. HP: 56/56 MP: 13/13
  6568 | D:7      | Noticed Maggie
  6576 | D:7      | Killed Maggie
  6683 | D:8      | Noticed a two-headed ogre
  6762 | D:8      | Reached ***** piety under Okawaru
  6899 | D:8      | Found a white marble altar of Elyvilon.
  7031 | D:8      | Found a staircase to the Lair.
  7153 | D:8      | Found a snail-covered altar of Cheibriados.
  7346 | D:8      | Killed a two-headed ogre
  7647 | D:9      | Found a flagged portal.
  7750 | Bailey   | Entered a bailey
  8186 | Bailey   | Reached skill level 5 in Fighting
  8389 | Bailey   | Reached XP level 11. HP: 58/64 MP: 15/15
  8417 | Bailey   | Identified the +0 executioner's axe of the Crypt {flame,
                  | rCorr Str+3 Int+3}
  8761 | D:9      | Found a radiant altar of Vehumet.
  9453 | Lair:1   | Entered Level 1 of the Lair of Beasts
  9759 | Lair:1   | Reached skill level 5 in Invocations
  9824 | Lair:1   | Reached skill level 8 in Shapeshifting
 10063 | Lair:1   | Received a gift from Okawaru
 11145 | Lair:2   | Reached XP level 12. HP: 71/71 MP: 14/17
 11179 | Lair:2   | Received a gift from Okawaru
 11485 | Lair:2   | Noticed a skyshark
 11494 | Lair:2   | Killed a skyshark
 11873 | Lair:2   | Found a staircase to the Swamp.
 12111 | Lair:2   | Received a gift from Okawaru
 12286 | Lair:3   | Noticed a death yak
 12286 | Lair:3   | Noticed a death yak
 12402 | Lair:2   | Killed a death yak
 12403 | Lair:2   | Reached skill level 9 in Shapeshifting
 12529 | Lair:3   | Killed a death yak
 12737 | Lair:3   | Found a hole to the Spider Nest.
 12843 | Lair:3   | Noticed a death yak
 12843 | Lair:3   | Noticed a death yak
 12857 | Lair:3   | Noticed a death yak
 12929 | Lair:3   | Received a gift from Okawaru
 13088 | Lair:3   | Noticed Josephine
 13098 | Lair:3   | Killed Josephine
 13101 | Lair:3   | Reached XP level 13. HP: 31/79 MP: 11/18
 13417 | Lair:3   | Noticed Amaemon
 13427 | Lair:3   | Killed Amaemon
 13751 | Lair:3   | Reached skill level 10 in Dodging
 13757 | Lair:3   | Reached skill level 15 in Unarmed Combat
 14215 | D:10     | Entered Level 10 of the Dungeon
 14238 | D:10     | Received a gift from Okawaru
 14292 | D:10     | Noticed Grum
 14298 | D:10     | Killed Grum
 14711 | D:10     | Identified the +4 sling "Orb Guardian's Regret" {antimagic,
                  | rC+ Int+3 Dex+5}
 14825 | D:10     | Found a snail-covered altar of Cheibriados.
 14830 | D:10     | Found a hide-covered altar of Uskayaw.
 14983 | D:11     | Noticed Urug
 14993 | D:11     | Killed Urug
 15270 | D:11     | Identified the blade talisman "Deosh" {rF- rN++ Will+
                  | Int+3}
 15364 | D:11     | Found Exeh's Weapon Shoppe.
 15366 | D:11     | Found a staircase to the Orcish Mines.
 15368 | D:11     | Found Pissa's Armour Shoppe.
 15615 | D:11     | Noticed Gastronok
 15902 | D:11     | Killed Gastronok
 15902 | D:11     | Received a gift from Okawaru
 16155 | D:11     | Reached skill level 10 in Shapeshifting
 16527 | Orc:1    | Entered Level 1 of the Orcish Mines
 17950 | Orc:1    | Identified the +0 hat "Oteawk" {+Inv}
 18005 | Orc:2    | Entered Level 2 of the Orcish Mines
 18021 | Orc:2    | Noticed an orc warlord
 18846 | Orc:1    | Reached skill level 11 in Shapeshifting
 18846 | Orc:1    | Reached XP level 14. HP: 10/86 MP: 17/20
 19327 | Orc:2    | Killed an orc warlord
 19483 | Orc:2    | Found a staircase to the Elven Halls.
 20249 | Orc:2    | Reached skill level 12 in Shapeshifting
 20495 | Orc:2    | Found Ecykheobb's Antique Weapon Boutique.
 20500 | Orc:2    | Found Veom's Book Shoppe.
 20516 | Orc:2    | Received a gift from Okawaru
 20600 | Orc:2    | Found Wymesh's Antique Armour Boutique.
 20601 | Orc:2    | Found Kaqek's Jewellery Shoppe.
 20654 | Orc:2    | Bought a dragon-blood talisman for 840 gold pieces
 20654 | Orc:2    | Bought an amulet of regeneration for 420 gold pieces
 20753 | D:12     | Found Pekhekh's Armour Emporium.
 21097 | D:12     | Identified a scroll of acquirement
 21327 | D:13     | Acquired the amulet of Doobi {RegenMP Fly rN+ Regen+
                  | Stlth+}
 21415 | D:13     | Found a transporter.
 21417 | D:13     | Noticed Deukiw's ghost (journeyman SpEn)
 21418 | D:13     | Found a bloodstained altar of Trog.
 21449 | D:13     | Found a transporter.
 21475 | D:13     | Found a frozen archway.
 21500 | IceCv    | Entered an ice cave
 22019 | IceCv    | Reached skill level 13 in Shapeshifting
 22608 | IceCv    | Noticed a reaper
 22621 | IceCv    | Killed a reaper
 23391 | D:13     | Received a gift from Okawaru
 23435 | D:13     | Found a gate to the Vaults.
 23749 | D:14     | Found Qisch's Assorted Antiques.
 23885 | D:14     | Identified the +0 leather armour "Firph" {rC++}
 23905 | D:14     | Reached skill level 14 in Shapeshifting
 24340 | D:15     | Entered Level 15 of the Dungeon
 24459 | D:15     | Reached XP level 15. HP: 90/90 MP: 21/21
 24819 | D:15     | Received a gift from Okawaru
 24860 | D:15     | Reached skill level 15 in Shapeshifting
 25426 | D:15     | Found a staircase to the Depths.
 25557 | Depths:1 | Entered Level 1 of the Depths
 25570 | Depths:1 | Noticed a frost giant
 25577 | Depths:1 | Noticed a fire giant
 25637 | D:15     | Killed a frost giant
 25779 | Depths:1 | Killed a fire giant
 25827 | Depths:1 | Noticed a frost giant
 25849 | Depths:1 | Reached ****** piety under Okawaru
 25851 | Depths:1 | Received a gift from Okawaru
 25857 | Depths:1 | Acquired the +4 scale mail "Huew Cou" {rElec rPois rF+
                  | Will+++ Str-4}
 25857 | Depths:1 | Received a gift from Okawaru
 25910 | Depths:1 | Noticed a frost giant
 26159 | Depths:1 | Killed a frost giant
 26187 | Depths:1 | Noticed a golden dragon
 26549 | Swamp:1  | Entered Level 1 of the Swamp
 26693 | Swamp:1  | Reached skill level 16 in Shapeshifting
 26903 | Swamp:1  | Noticed a fenstrider witch
 26911 | Swamp:1  | Killed a fenstrider witch
 26973 | Swamp:1  | Noticed a tentacled monstrosity
 26996 | Swamp:1  | Killed a tentacled monstrosity
 27216 | Swamp:1  | Received a gift from Okawaru
 27669 | Spider:1 | Entered Level 1 of the Spider Nest
 27690 | Lair:3   | Reached XP level 16. HP: 88/96 MP: 22/22
 27947 | Spider:1 | Reached skill level 17 in Shapeshifting
 28522 | Spider:1 | Received a gift from Okawaru
 29487 | Spider:2 | Identified the +0 robe of Light {rPois Slay-4 SInv}
 29555 | Spider:2 | Reached skill level 18 in Shapeshifting
 29851 | Spider:3 | Received a gift from Okawaru
 31742 | Swamp:3  | Received a gift from Okawaru
 32181 | Swamp:3  | Reached skill level 19 in Shapeshifting
 32267 | Swamp:3  | Reached XP level 17. HP: 100/100 MP: 23/23
 33103 | Lair:4   | Received a gift from Okawaru
 33134 | Lair:4   | Got the Precepts of Luminous Aeromancy
 33659 | Lair:4   | Found a staircase to the Slime Pits.
 33804 | Lair:5   | Entered Level 5 of the Lair of Beasts
 34014 | Lair:5   | Found a gate leading to a gauntlet.
 34023 | Gauntlet | Entered a Gauntlet
 34023 | Gauntlet | Found a transporter.
 34023 | Gauntlet | Found a transporter.
 34029 | Gauntlet | Found a transporter.
 34041 | Gauntlet | Found a transporter.
 34058 | Gauntlet | Found a transporter.
 34058 | Gauntlet | Found a transporter.
 34062 | Gauntlet | Found a transporter.
 34063 | Gauntlet | Found a transporter.
 34063 | Gauntlet | Found a transporter.
 34078 | Gauntlet | Found a transporter.
 34095 | Gauntlet | Found a transporter.
 34109 | Gauntlet | Found a transporter.
 34145 | Gauntlet | Found a transporter.
 34264 | Gauntlet | Found a transporter.
 34320 | Gauntlet | Reached skill level 20 in Shapeshifting
 34356 | Gauntlet | Identified the ring "Xuelotel" {rPois rC+ Str+6 Dex+2}
 34357 | Gauntlet | Identified the +1 falchion "Meschoup" {flame, *Noise MP+9
                  | Str+3 Dex+2}
 35176 | Lair:5   | Received a gift from Okawaru
 35772 | Elf:1    | Entered Level 1 of the Elven Halls
 35811 | Elf:1    | Found a radiant altar of Vehumet.
 36250 | Elf:1    | Reached skill level 21 in Shapeshifting
 36339 | Elf:1    | Reached XP level 18. HP: 105/105 MP: 24/24
 36371 | Elf:1    | Got Naeffuib's Compilation of the Combined Missiles
 37127 | Elf:2    | Received a gift from Okawaru
 37221 | Elf:2    | Found Mayludd's Book Emporium.
 37339 | Elf:2    | Noticed Nikola
 37732 | Elf:2    | Noticed Roxanne
 37810 | Elf:2    | Received a gift from Okawaru
 37891 | Elf:2    | Found a radiant altar of Vehumet.
 38473 | Elf:2    | Killed Roxanne
 38675 | Elf:2    | Found a runed translucent gate.
 38675 | Elf:2    | Found a runed translucent gate.
 38675 | Elf:2    | Found a runed translucent gate.
 39007 | Elf:2    | Reached skill level 22 in Shapeshifting
 39165 | Elf:2    | Received a gift from Okawaru
 39361 | Elf:2    | Identified the blade talisman of Gozag's Castigation {rN+
                  | Int+3}
 39492 | Elf:2    | Killed Nikola
 39834 | Swamp:4  | Entered Level 4 of the Swamp
 40022 | Swamp:4  | Reached XP level 19. HP: 110/110 MP: 25/25
 40027 | Swamp:4  | Received a gift from Okawaru
 40252 | Swamp:4  | Reached skill level 10 in Fighting
 40283 | Swamp:4  | Got a decaying rune of Zot
 40425 | Swamp:4  | Received a gift from Okawaru
 40616 | Swamp:4  | Noticed a tentacled monstrosity
 40616 | Swamp:4  | Noticed Borsukrates's ghost (adept DgGl)
 40629 | Swamp:4  | Found a transporter.
 40632 | Swamp:4  | Found a transporter.
 41166 | Spider:4 | Entered Level 4 of the Spider Nest
 42176 | Spider:4 | Received a gift from Okawaru
 42184 | Spider:4 | Paralysed by a jorogumo for 1 turns
 42206 | Spider:4 | HP: 3/171 [something (10)]
 42206 | Spider:4 | Slain by a ghost moth

Illustrated notes

Levels and vault maps discovered:
D:1:      saegor_arrival_simple_e, layout_loops_ring, serial_bayou,
          serial_bayou_lagoon_b, serial_bayou_pond_e, serial_bayou_pond_b,
          serial_bayou_pond_d, skrybe_limestone_x, minivault_24,
          chequers_serial_rivers_micro_d, nicolae_kite_square_tiling_tiny,
          kennysheep_flooded_box, minmay_gold_behind_fungi
D:2:      layout_rooms, grunt_decor_mini_mirrors
D:3:      layout_loops_ring
D:4:      layout_basic, minmay_temple_entry_grid, serial_shops,
          nicolae_shop_tiny_waterfront
D:5:      layout_basic, serial_shops, nicolae_book_shop_shelving,
          minmay_misc_feat_room, grunt_ministairs_13,
          chequers_serial_rivers_marsh, chequers_serial_rivers_micro_c,
          minmay_bent
D:6:      layout_basic, uniq_prince_ribbit1
D:7:      layout_gridville, lemuel_zombie_altar_kikubaaqudgha,
          pf_guarded_unrand_woodcutter, uniq_maggie
D:8:      layout_loops_ring, mainiacjoe_overflow_cross_hatched,
          lair_entry_dummy, kennysheep_small_circle
D:9:      layout_long_grid, amcnicky_altar_gilded, enter_bailey_7,
          roderic_filled_cross, grunt_decor_one_mirror, ldierk_geyser
D:10:     layout_cave_pools, mainiacjoe_overflow_big_doors, uniq_grum
D:11:     layout_roguey, orc_david_3, minmay_crystal_room,
          minmay_misc_feat_five, uniq_urug, uniq_gastronok
D:12:     layout_roguey, serial_shops, shop
D:13:     layout_roguey, david_vaults_4, portal_ice_cave_entry_pillars_2,
          gammafunk_ghost_wrathful_warriors
D:14:     layout_loops_ring, serial_shops, shop, minmay_misc_feat_cross
D:15:     hellmonk_depths_entry_around_the_bend, layout_loops_ring,
          serial_glass, glass_columns_b, glass_columns_a, serial_bayou_lagoon_a
Temple:   hellmonk_temple_divided_pantheon
Lair:1:   layout_chaotic_city
Lair:2:   layout_regular_city, skrybe_swamp_entry_bodies,
          kennysheep_abandoned_house, grunt_megastairs_3
Lair:3:   dpeg_oklob_gauntlet, layout_regular_city, spider_nest_entry_a,
          serial_rivers, chequers_serial_rivers_large_a,
          chequers_serial_rivers_room_b, chequers_serial_rivers_small_a,
          chequers_serial_rivers_micro_e, chequers_serial_rivers_micro_d,
          chequers_serial_rivers_micro_e, chequers_serial_rivers_large_b,
          chequers_serial_rivers_micro_c, minivault_25, minmay_hedge_maze,
          uniq_amaemon, uniq_josephine
Lair:4:   layout_roguey, dpeg_slime_entry_enclosed, small_statue_intersection
Lair:5:   minmay_lair_end_enchanted_forest, layout_regular_city,
          gauntlet_entry_generic
Swamp:1:  layout_basic_swamp, hangedman_swamp_ruin_wall
Swamp:2:  layout_falls_marsh, infiniplex_staircase_pool,
          nicolae_swamp_decorative_isthmus
Swamp:3:  layout_basic_swamp, evilmike_swamp_ruin_house_4, swamp_pool_1_2,
          nicolae_swamp_spriggan_camp
Swamp:4:  swamp, layout_basic_swamp, gammafunk_ghost_arena, swamp_pool_5
Spider:1: layout_spider_delve
Spider:2: layout_spider_delve, hellmonk_deceptive_appearances
Spider:3: layout_spider_delve, nicolae_spider_checkerboard
Spider:4: floodkiller_spider_rune_tomb
Orc:1:    cheibrodos_orc_guarddog, layout_caves, hangedman_minor_magic
Orc:2:    st_orc_elflike, layout_caves
Elf:1:    eino_elf_arrival_altar, layout_geoelf_octagon, minmay_elf_sorcery
Elf:2:    nicolae_elf_blades_crystal_corner, layout_gridlike, serial_shops,
          nicolae_shop_waterfront, guppyfry_elf_altar, uniq_roxanne, uniq_nikola
Depths:1: minmay_the_grid_triangle_9x9_recursive_2
          [minmay_the_grid_triangle_9x9_prize_schism,
          minmay_the_grid_triangle_9x9_corruption,
          minmay_the_grid_triangle_9x9_cache,
          minmay_the_grid_triangle_9x9_impossible_snake], layout_basic,
          lemuel_crystal_altar, grunt_metal_band, serial_shops, shop,
          nicolae_shop_sticking_my_neck_out, minmay_shop_grove

Skill      XL: |  1  2  3  4  5  6  7  8  9 10 11 12 13 14 15 16 17 18 19 |
---------------+----------------------------------------------------------+-----
Unarmed Combat | 4 5 6 7 10 12 13 14 15 16 17 | 17.8
Shapeshifting  | 3 4 5 7 8 9 11 14 16 19 21 22 | 22.5
Fighting       | 2 3 4 5 6 8 9 11 | 11.0
Dodging        | 3 4 5 6 7 9 10 | 10.3
Invocations    | 3 4 5 6 7 |  7.0

Action                     |  1- 3 |  4- 6 |  7- 9 | 10-12 | 13-15 | 16-18 | 19-21 || total
---------------------------+-------+-------+-------+-------+-------+-------+-------++-------
  Melee: Unarmed           |    86 |    40 |    70 |   577 |   980 |  1020 |   240 ||  3013
         Kick              |    21 |    25 |    83 |   217 |   248 |     5 |    16 ||   615
         Peck              |    12 |    19 |    50 |   122 |   171 |     2 |    15 ||   391
         Punch             |     1 |     1 |       |    41 |    90 |   104 |    27 ||   264
         Dagger            |       |    74 |   187 |       |       |       |       ||   261
         Tailslap          |       |       |       |       |    65 |   150 |    36 ||   251
         Bite              |       |       |       |       |    35 |   109 |    29 ||   173
  Throw: Stone             |       |     5 |     5 |     6 |       |       |       ||    16
         Javelin           |       |       |       |       |    30 |       |       ||    30
         Dart              |       |       |       |       |    19 |       |       ||    19
 Invoke: Heroism           |       |       |       |    10 |    16 |     8 |     1 ||    35
         Finesse           |       |       |       |     2 |     3 |     5 |     1 ||    11
         Receive Armour    |       |       |       |       |     1 |       |       ||     1
Ability: Breathe Fire      |       |       |       |       |       |    48 |     6 ||    54
         Begin Untransform |       |       |       |       |       |     1 |       ||     1
    Use: Potion            |       |     1 |     2 |     1 |     4 |     8 |       ||    16
         Scroll            |       |       |     6 |     5 |    16 |     9 |     3 ||    39
   Stab: Sleeping          |     2 |       |       |       |     3 |     4 |     1 ||    10
         Distracted        |       |       |       |       |     3 |     4 |     2 ||     9
 Armour: Animal skin       |    21 |       |       |       |       |       |       ||    21
         Leather armour    |       |    46 |    62 |       |       |       |       ||   108
         Skin              |       |    22 |       |       |   241 |   685 |   202 ||  1150
         Ring mail         |       |       |    19 |   173 |    33 |       |       ||   225
         Acid dragon scale |       |       |       |       |   165 |       |       ||   165
  Dodge: Dodged            |    61 |    69 |   202 |   499 |   867 |   745 |   301 ||  2744
  Block: Buckler           |       |    15 |    40 |     6 |       |       |       ||    61
   Form: Blade             |       |       |       |       |     2 |       |       ||     2
                           |       |       |       |       |     1 |       |       ||     1
         Beast             |       |       |       |       |     1 |       |       ||     1
         Dragon            |       |       |       |       |     2 |     4 |     1 ||     7
         Statue            |       |       |       |       |       |     3 |     1 ||     4
